 Dungeon Crawl Stone Soup version 0.29.1-12-g30fa7ad0bf (webtiles) character file.

Game seed: 7038729290012366985

31 FexLirch the Digger (level 3, -5/24 HPs)
             Began as a Formicid Earth Elementalist on Jan 11, 2023.
             Killed from afar by Sigmund (7 damage)
             ... with a puff of flame
             ... on level 2 of the Dungeon.
             The game lasted 00:00:59 (1044 turns).

FexLirch the Digger (Formicid Earth Elementalist)   Turns: 1044, Time: 00:00:59

Health: -5/24      AC:  2    Str: 12    XL:     3   Next: 40%
Magic:  1/7        EV: 12    Int: 16    God:
Gold:   76         SH:  0    Dex: 14    Spells: 6/7 levels left

rFire   . . .      SeeInvis +   (no weapon)
rCold   . . .      Faith    .   (no shield)
rNeg    . . .      Spirit   .   a - +0 robe
rPois   .          Reflect  .   (helmet unavailable)
rElec   .          Harm     .   (no cloak)
rCorr   .          Rampage  .   (no gloves)
Will    .....                   (no boots)
Stlth   ++........              (no amulet)
HPRegen 0.08/turn               (no ring)
MPRegen 0.10/turn               (no ring)

@: very slightly contaminated
A: permanent stasis, dig shafts and tunnels, antennae 3, four strong arms
a: Dig, Shaft Self


You were on level 2 of the Dungeon.
You visited 1 branch of the dungeon, and saw 2 of its levels.

You collected 76 gold pieces.

Inventory:

Armour
 a - a +0 robe (worn)
Scrolls
 e - a scroll of poison {unknown}
 f - a scroll of identify {unknown}
 g - a scroll of vulnerability {unknown}
 i - a scroll of blinking {unknown}
Potions
 b - 2 potions of magic
 c - a potion of might {unknown}
 d - a potion of flight {unknown}
 h - 2 potions of attraction {unknown}
 j - a potion of ambrosia {unknown}


   Skills:
 - Level 1.7 Dodging
 - Level 2.4 Stealth
 + Level 2.8 Spellcasting
 + Level 1.1 Conjurations
 - Level 1.1 Transmutations
 + Level 4.2 Earth Magic


You had 6 spell levels left.
You knew the following spells:

 Your Spells              Type           Power      Damage    Failure   Level
a - Sandblast             Erth           30%        2d9       3%          1

Your spell library contained the following spells:

 Spells                   Type           Power      Damage    Failure   Level
 Passwall                 Tmut/Erth      8%         N/A       10%         2
 Stone Arrow              Conj/Erth      20%        3d8       19%         3
 Petrify                  Tmut/Erth      10%        N/A       54%         4


Dungeon Overview and Level Annotations

Branches:
Dungeon (2/15)

Altars:

Annotations:
D:2 Sigmund


Innate Abilities, Weirdness & Mutations

You cannot be hasted, slowed, berserked, paralysed or teleported.
You can dig through walls and to a lower floor.
You have a pair of large antennae on your head. (SInv)
Your four strong arms can wield two-handed weapons with a shield.


Message History

Sigmund is nearby!
You can't see any susceptible monsters within range! (Use Z to cast anyway.)
Found an amethyst potion.
Sigmund casts a spell at you. You resist with some effort.
Sigmund is nearby!
You miscast Sandblast.
You are very lightly contaminated with residual magic.
Nothing appears to happen.
A quokka comes into view.
Sigmund mumbles some strange words.
Sigmund flickers and vanishes for a moment.
There are monsters nearby!
The blast of sand hits Sigmund.
Sigmund is lightly wounded.
The blast of sand misses Sigmund.
Sigmund closely misses you.
The blast of sand hits Sigmund.
Sigmund is lightly wounded.
Sigmund closely misses you.
You miscast Sandblast.
Nothing appears to happen.
The quokka bites you. Sigmund closely misses you.
You miscast Sandblast.
Nothing appears to happen.
The quokka barely misses you.
The blast of sand hits the quokka.
You kill the quokka!
Sigmund hits you from afar with a +0 scythe!
You are too injured to fight recklessly!
Sigmund screams, "Die, monster!"
Sigmund casts a spell at you. You resist with some effort.
Sigmund casts a spell at you. The puff of flame hits you!
* * * LOW HITPOINT WARNING * * *
Sigmund casts a spell at you. The magic dart hits you.
* * * LOW HITPOINT WARNING * * *
Sigmund gestures at you while chanting. You resist with some effort.
Sigmund points at you and mumbles some strange words.
The puff of flame hits you!
You die...

..###.###......######
....#.#.......@.....#
#...#.######.####.#
#....## #.# ##
##....# #.#
.......>#..# #.#
#.######..#####.#
{#............##.#
##...#######.##@#
#....# .............#
#...<# ######..######
#....# ..># #....#
##### ......# .#....#
.##...# .....


You could see Sigmund (invisible).

Vanquished Creatures
  4 ball pythons (D:1)
  5 endoplasms (D:1)
  4 goblins (D:1)
  2 hobgoblins (D:1)
  2 quokkas
  3 bats (D:1)
  4 frilled lizards
  A kobold (D:1)
  2 rats (D:1)
27 creatures vanquished.

Notes
Turn   | Place    | Note
-------+----------+-------------------------------------------
     0 | D:1      | FexLirch the Formicid Earth Elementalist began the quest
                  | for the Orb.
     0 | D:1      | Reached XP level 1. HP: 13/13 MP: 3/3
   108 | D:1      | Reached XP level 2. HP: 19/19 MP: 3/5
   172 | D:1      | Reached skill level 4 in Earth Magic
   453 | D:1      | Reached XP level 3. HP: 24/24 MP: 4/6
   494 | D:1      | Reached skill level 1 in Conjurations
  1024 | D:2      | Noticed Sigmund
  1044 | D:2      | Killed from afar by Sigmund

Illustrated notes

Levels and vault maps discovered:
D:1:      lemuel_arrival_broad_hall, layout_loops_ring
D:2:      layout_basic, dreamdust_ecumenical_altar_angels_and_demons,
          uniq_sigmund

Skill      XL: |  1  2  3 |
---------------+----------+-----
Earth Magic    | 4 |  4.2
Conjurations   | 1 |  1.1
Dodging        | |  1.7
Stealth        | |  2.4
Spellcasting   | |  2.8
Transmutations | |  1.1

Action                   || total
-------------------------++-------
Melee: Unarmed           ||     2
 Cast: Sandblast         ||    33
Armor: Robe              ||     1
Dodge: Dodged            ||     8
